 Dungeon Crawl Stone Soup version 0.31.0-11-ge490571c62 (webtiles) character file.

Game seed: 13773014951117259547

3854 MiscastMaster the Slicer (level 10, -2/53 HPs)
             Began as a Vine Stalker Fighter on Jan 31, 2024.
             Was a Follower of Uskayaw.
             Slain by Amaemon
             ... wielding a +1 demon whip of venom
              (4 damage)
             ... on level 8 of the Dungeon.
             The game lasted 00:08:11 (4699 turns).

MiscastMaster the Slicer (Vine Stalker Fighter)     Turns: 4699, Time: 00:08:11

Health: -2/53      AC: 12    Str: 21    XL:     10   Next: 18%
Magic:  0/13       EV:  8    Int:  8    God:    Uskayaw [*.....]
Gold:   285        SH:  7    Dex: 22    Spells: 9/9 levels left

rFire   . . .        u - +1 short sword (venom)
rCold   . . .        c - +0 buckler
rNeg    . . .        B - +0 plate armour
rPois   .            (no helmet)
rElec   .            p - +0 cloak
rCorr   .            (no gloves)
SInv    +            (no boots)
Will    +....        (no amulet) Stlth
                     l - +6 ring of dexterity
HPRegen 1.08/turn    f - ring of see invisible
MPRegen 0.13/turn

%: guardian spirit
@: lethally poisoned (-2 -> -34), about to teleport, slowed, very slow
A: fangs 3, regeneration 1, magic shield, antimagic bite, no potion heal 2
a: Renounce Religion, Stomp


You were on level 8 of the Dungeon.
You worshipped Uskayaw.
Uskayaw was noncommittal.
You visited 2 branches of the dungeon, and saw 9 of its levels.

You collected 285 gold pieces.

Inventory:

Hand Weapons
 a - a +0 rapier
 u - a +1 short sword of venom (weapon)
Armour
 b - a +0 scale mail
 c - a +0 buckler (worn)
 p - a +0 cloak (worn)
 y - a +0 chain mail
 B - a +0 plate armour (worn)
 C - an orb of energy
 I - a +2 hat of stealth
Magical Staves
 j - a staff of death
Jewellery
 f - a ring of see invisible (right hand)
 l - a +6 ring of dexterity (left hand)
 D - a +6 ring of strength
 G - a +6 ring of strength
Wands
 E - a wand of charming (8)
 H - a wand of light (6)
Scrolls
 d - 3 scrolls of identify
 g - a scroll of fog
 h - a scroll of enchant weapon {unknown}
 i - a scroll of amnesia
 q - a scroll of fear {unknown}
 r - a scroll of revelation {unknown}
 s - a scroll of blinking {unknown}
 t - 2 scrolls of teleportation
 v - 4 scrolls of vulnerability
Potions
 e - 3 potions of mutation {unknown}
 k - a potion of might
 m - 2 potions of brilliance {unknown}
 n - 2 potions of magic {unknown}
 o - a potion of invisibility {unknown}
 w - 5 potions of curing {unknown}
 x - a potion of cancellation {unknown}
 z - 4 potions of enlightenment {unknown}
 A - a potion of resistance {unknown}
 F - a potion of lignification {unknown}


   Skills:
 + Level 6.4 Fighting
 * Level 8.3 Short Blades
 - Level 2.4 Armour
 + Level 5.0 Dodging
 + Level 6.3 Shields
 + Level 2.8 Invocations


You had 9 spell levels left.
You didn't know any spells.
Your spell library contained the following spells:

 Spells                   Type           Power      Damage    Failure   Level
 Foxfire                  Conj/Fire      0%         2x1d4     100%        1
 Kiss of Death            Conj/Necr      0%         2d5       100%        1
 Ensorcelled Hibernation  Hex/Ice        0%         N/A       100%        2
 Mercury Vapours          Alch/Air       0%         N/A       100%        2
 Confusing Touch          Hex            0%         N/A       100%        3
 Fugue of the Fallen      Necr           0%         N/A       100%        3
 Mephitic Cloud           Conj/Alch/Air  0%         N/A       100%        3
 Summon Ice Beast         Ice/Summ       0%         N/A       100%        3
 Anguish                  Hex/Necr       0%         N/A       100%        4
 Dispel Undead            Necr           0%         3d6       100%        4
 Freezing Cloud           Conj/Ice/Air   0%         6-21      100%        5
 Summon Mana Viper        Hex/Summ       0%         N/A       100%        5
 Plasma Beam              Fire/Air       0%         2x1d10    100%        6
 Starburst                Conj/Fire      0%         6d3       100%        6
 Monstrous Menagerie      Summ           0%         N/A       100%        7


Dungeon Overview and Level Annotations

Branches:
Dungeon (8/15)             Temple (1/1) D:6
   Lair: D:8-11

Altars:
Ashenzari
Cheibriados
Dithmenos
Fedhas
Gozag
Hepliaklqana
Kikubaaqudgha
Makhleb
Qazlal
Ru
Trog
Uskayaw
Vehumet
Wu Jian
Xom
Yredelemnul

Shops:
D:4 [   D:7 [

Annotations:
D:8 Amaemon


Innate Abilities, Weirdness & Mutations

You have razor-sharp teeth.
Your natural rate of healing is unusually fast.
When hurt, damage is shared between your health and your magic reserves.
Your bite disrupts and absorbs the magic of your enemies.
Potions cannot restore your health.


Message History

Amaemon mumbles some strange words.
Unknown command.
As you read the scroll labelled YWYEXT JES FUS, it dissolves into smoke.
It was a scroll of fog.
g - a scroll of fog;
t - 3 sedimented puce potions Amaemon barely misses you.
Amaemon closely misses you. You block Amaemon's attack.
Unknown command.
As you read the scroll labelled MOIDYV DUREI, it crumbles to dust.
It is a scroll of identify.
j - 4 scrolls of vulnerability;
v - 4 scrolls of vulnerability
j - a staff of death;
d - 3 scrolls of identify;
w - 5 amethyst potions Amaemon hits you with a +1 demon whip of venom.
* * * LOW HITPOINT WARNING * * *
You are poisoned.
Amaemon closely misses you. x2; You block the orange demon's attack.
Unknown command.
As you read the scroll labelled COFALE CENUVYE, it crumbles to dust.
It is a scroll of amnesia.
You feel forgetful for a moment.
You feel very sick. You block the orange demon's attack.
Amaemon casts a spell.
Amaemon hits you but does no damage.
You are more poisoned.
Amaemon closely misses you. x2; The orange demon stings you from afar.
* * * LOW HITPOINT WARNING * * *
You are lethally poisoned!
The orange demon poisons you!
Unknown command.
As you read the scroll labelled EMMU MERYG, it crumbles to dust.
You feel strangely unstable.
It was a scroll of teleportation.
t - 2 scrolls of teleportation;
e - 3 sedimented puce potions
* * * LOW HITPOINT WARNING * * *
You feel extremely sick. The orange demon stings you from afar.
You are more poisoned.
The orange demon poisons you!
Amaemon hits you with a +1 demon whip of venom!
You die...

. #..##..†........$..
#..########.##.#..
#..# #6##.###.# #<.#
#........# #..#
####.##### .... #.#
##...# #.#
#...##########s####.#
>.......4§4s@6s....#
.....>...######s.##.#
# ..# ..# ..# ..# ...


You could see Amaemon, an orange demon and 3 scorpions.

Vanquished Creatures
  Gastronok (D:8)
  Grinder (D:3)
  A wyvern (D:5)
  Eustachio (D:4)
  A steam dragon (D:7)
  A water moccasin (D:8)
  An ice beast (D:7)
  A sky beast (D:5)
  A black bear (D:5)
  4 ogres (D:4)
  A centaur (D:6)
  2 kobold brigands
  A phantom (D:5)
  2 bullfrogs
  A scorpion (D:4)
  3 wights (D:7)
  A howler monkey (D:8)
  5 hounds
  A bombardier beetle (D:5)
  2 orc priests (D:4)
  2 gnoll boudas
  Jessica (D:2)
  3 iguanas
  A sleepcap (D:6)
  3 orc wizards
  15 gnolls
  14 adders
  A white imp (D:7)
  3 dart slugs
  8 orcs
  7 endoplasms
  5 giant cockroaches
  9 goblins
  9 hobgoblins
  6 jackals
  4 quokkas (D:2)
  9 ball pythons
  3 bats
  2 frilled lizards
  13 kobolds
  7 rats
157 creatures vanquished.

Vanquished Creatures (others)
  2 kobolds (D:7)
2 creatures vanquished.

Grand Total: 159 creatures vanquished

Notes
Turn   | Place    | Note
-------+----------+-------------------------------------------
     0 | D:1      | MiscastMaster the Vine Stalker Fighter began the quest for
                  | the Orb.
     0 | D:1      | Reached XP level 1. HP: 11/11 MP: 2/2
    40 | D:1      | Reached skill level 2 in Short Blades
    57 | D:1      | Reached XP level 2. HP: 16/16 MP: 3/3
   399 | D:2      | Reached XP level 3. HP: 19/19 MP: 4/4
   455 | D:2      | Found a faded altar of an unknown god.
   645 | D:2      | Reached skill level 1 in Dodging
   727 | D:2      | Noticed Jessica
   742 | D:2      | Killed Jessica
   743 | D:2      | Reached XP level 4. HP: 15/24 MP: 2/5
   851 | D:2      | Reached skill level 3 in Short Blades
   857 | D:2      | Reached XP level 5. HP: 21/28 MP: 4/6
  1147 | D:3      | Noticed Grinder
  1512 | D:3      | Killed Grinder
  1513 | D:3      | Reached skill level 4 in Short Blades
  1513 | D:3      | Reached XP level 6. HP: 16/33 MP: 4/7
  1765 | D:4      | Reached XP level 7. HP: 26/37 MP: 5/8
  1816 | D:4      | Noticed Eustachio
  1837 | D:4      | Killed Eustachio
  1838 | D:4      | Reached skill level 5 in Short Blades
  1955 | D:4      | Gained mutation: You have razor-sharp teeth. [Vine Stalker
                  | growth]
  1955 | D:4      | Reached XP level 8. HP: 42/42 MP: 7/9
  2042 | D:4      | Found Dapapp's Antique Armour Shop.
  2464 | D:4      | Found an opulent altar of Gozag.
  2464 | D:4      | Found a blossoming altar of Fedhas.
  2653 | D:5      | Entered Level 5 of the Dungeon
  2758 | D:5      | Noticed a wyvern
  2766 | D:5      | Killed a wyvern
  2767 | D:5      | Reached skill level 5 in Fighting
  2767 | D:5      | Reached skill level 6 in Short Blades
  2767 | D:5      | Reached skill level 5 in Shields
  3460 | D:5      | Reached XP level 9. HP: 34/47 MP: 10/10
  3581 | D:6      | Reached skill level 7 in Short Blades
  3879 | D:6      | Found a staircase to the Ecumenical Temple.
  4067 | Temple   | Entered the Ecumenical Temple
  4075 | Temple   | Became a worshipper of Uskayaw the Reveller
  4099 | D:7      | Reached * piety under Uskayaw
  4104 | D:7      | Reached ** piety under Uskayaw
  4116 | D:7      | Reached *** piety under Uskayaw
  4118 | D:7      | Reached **** piety under Uskayaw
  4122 | D:7      | Reached ***** piety under Uskayaw
  4181 | D:7      | Reached skill level 1 in Invocations
  4315 | D:7      | Found Rafalonn's Antique Armour Shop.
  4656 | D:8      | Noticed Gastronok
  4676 | D:8      | Killed Gastronok
  4677 | D:8      | Reached skill level 8 in Short Blades
  4677 | D:8      | Reached skill level 5 in Dodging
  4677 | D:8      | Reached XP level 10. HP: 14/53 MP: 2/13
  4679 | D:8      | Noticed Amaemon
  4694 | D:8      | Noticed an orange demon
  4699 | D:8      | HP: 2/53 [poisoned by an orange demon]
  4699 | D:8      | Slain by Amaemon

Illustrated notes

Levels and vault maps discovered:
D:1:      onia_arrival_pyramid, layout_rooms, minmay_tetromino_t4
D:2:      wander_river, layout_basic, hellmonk_ecumenical_altar_heavens_door,
          uniq_jessica
D:3:      layout_rooms, uniq_grinder
D:4:      layout_cave_pools, nicolae_overflow_hidden_temple, serial_shops,
          nicolae_shop_tiny_real_fake_doors, grunt_ministairs_2,
          minmay_hedge_maze, uniq_eustachio
D:5:      corexii_shack_village, layout_basic
D:6:      layout_cave_pools, minmay_temple_entry_wispy, serial_gnoll_camp,
          gnoll_camp_mini_hut, gnoll_camp_mini_loothouse, gnoll_camp_mini_hut,
          gnoll_camp_mini_hut, minmay_misc_feat_iff, minmay_chambers_of_fives
D:7:      layout_rooms, serial_shops, kennysheep_little_box, nrook_uturn
D:8:      layout_loops_ring, dpeg_oklobed_lair, gammafunk_ghost_spectres,
          uniq_amaemon, uniq_gastronok
Temple:   nicolae_temple_bog_church

Skill      XL: |  1  2  3  4  5  6  7  8  9 |
---------------+----------------------------+-----
Short Blades   | 2 3 4 5 6 8 |  8.3
Fighting       | 3 4 5 6 |  6.4
Shields        | 3 4 5 6 |  6.3
Dodging        | 1 2 3 5 |  5.0
Invocations    | 2 |  2.8
Armour         | |  2.4

Action                     |  1- 3 |  4- 6 |  7- 9 | 10-12 || total
---------------------------+-------+-------+-------+-------++-------
  Melee: Rapier            |   117 |    85 |       |       ||   202
         Bite              |    28 |    24 |   147 |       ||   199
         Short sword       |       |    18 |   325 |       ||   343
  Evoke: Wand              |       |       |     3 |     2 ||     5
    Use: Potion            |       |     1 |       |       ||     1
         Scroll            |       |       |       |     4 ||     4
   Stab: Paralysed         |       |       |     5 |       ||     5
         Invisible         |       |       |     1 |       ||     1
 Armour: Scale mail        |    56 |    85 |    41 |       ||   182
         Chain mail        |       |       |    21 |       ||    21
         Plate armour      |       |       |   115 |     9 ||   124
  Dodge: Dodged            |    58 |    51 |    81 |     9 ||   199
  Block: Buckler           |    26 |    17 |    73 |     5 ||   121
